 Dungeon Crawl Stone Soup version 0.18.1-50-g88ac8fd (webtiles) character file.

51 grisgris the Sneak (level 3, -1/24 HPs)
             Began as a Vampire Enchanter on Oct 23, 2016.
             Slain by an adder (3 damage)
             ... on level 1 of the Dungeon.
             The game lasted 00:04:49 (2219 turns).

grisgris the Sneak (Vampire Enchanter)              Turns: 2219, Time: 00:04:50

Health: -1/24      AC:  4    Str:  7    XL:     3   Next: 57%
Magic:  1/6        EV: 13    Int: 22    God:
Gold:   67         SH:  0    Dex: 15    Spells: 3 memorised, 0 levels left

rFire  . . .     SeeInvis +     a - +1 dagger
rCold  + . .     Gourm    .     b - +1 robe
rNeg   + + .     Faith    .     (no shield)
rPois  +         Spirit   .     (no helmet)
rElec  .         Dismiss  .     f - +0 cloak
rCorr  .         Reflect  .     (no gloves)
SustAt .         Harm     .     (no boots)
MR     .....                    (no amulet)
Stlth  +++.......               (no ring)
                                (no ring)

@: brilliant, lethally poisoned (-1 -> -8), regenerating slowly, not resistant
to hostile enchantments, fairly stealthy
A: fangs 3, see invisible, unbreathing
a: Bat Form


You were on level 1 of the Dungeon.
You were thirsty.

You visited 1 branch of the dungeon, and saw 2 of its levels.

You collected 67 gold pieces.

Inventory:

Hand Weapons
 a - a +1 dagger (weapon)
Armour
 b - a +1 robe (worn)
 f - a +0 cloak (worn)
Scrolls
 e - a scroll of identify {unknown}
 g - 2 scrolls of blinking {unknown}
 h - a scroll of fear {unknown}
 j - a scroll of random uselessness {unknown}
Books
 c - a book of Maledictions

   Spells                             Type                      Level
   a - Corona                         Hexes                        1
   b - Ensorcelled Hibernation        Hexes/Ice                    2
   c - Confuse                        Hexes                        3
   d - Tukima's Dance                 Hexes                        3
   e - Dazzling Spray                 Conjuration/Hexes            3


   Skills:
 * Level 2.1 Short Blades
 * Level 2.9 Dodging
 * Level 5.3 Stealth
 - Level 2.1 Spellcasting
 + Level 4.6 Hexes
 + Level 0.4 Ice Magic


You couldn't memorise any spells.
You knew the following spells:

 Your Spells              Type           Power        Failure   Level  Hunger
a - Ensorcelled Hibernat  Hex/Ice        ####..       1%          2    ##.....
b - Confuse               Hex            #####...     1%          3    ###....
c - Corona                Hex            #####..      1%          1    #......


Dungeon Overview and Level Annotations

Branches:
Dungeon (2/15)

Altars:
Zin


Innate Abilities, Weirdness & Mutations

You heal slowly.
You have razor-sharp teeth.
You have supernaturally acute eyesight.
You can survive without breathing.


Message History

You hit the adder.
The adder is lightly wounded.
The adder barely misses you.
Drink which item? (? for menu, Esc to quit)
It was a potion of brilliance.
You feel clever all of a sudden. The adder misses you.
Drink which item? (? for menu, Esc to quit)
Yummy - fresh blood!
You are feeling thirsty.
You feel sick. The adder bites you but does no damage.
The adder barely misses you.
You closely miss the adder. Your bite misses the adder.
The adder is lightly wounded.
The adder bites you.
* * * LOW HITPOINT WARNING * * *
* * * LOW HITPOINT WARNING * * *
You feel sick. The adder bites you.
You die...

.......[.#.#.....##.##########.#.
######.#.#.#...#.##.# #.#. #
#.#.#.#...#..#.# #.#. #
#.#.......##'#.### #.#. #
#.#.#.#...#......# #.#.
######.#.#.#.)##...†..# #.#.
.....#.###....##...>..# #.#.
####.#.###....##......# #.#.
#.............@S.###########.#.
#..#.####...####.............#.
#..#.#.##...###################
#..#...##..........#
#..#........######.#
#..###.##........#.# ####
#......####.####.#.# #...
#.##############.#.# #.## #.#
#........#.# #.#


You could see an adder.

Vanquished Creatures
  An ooze (D:1)
  A worm (D:2)
  A dart slug (D:1)
  A giant gecko (D:1)
  3 bats (D:1)
  3 giant cockroaches
  5 goblins
  8 hobgoblins
  2 jackals (D:1)
  5 kobolds
  A giant newt (D:1)
  5 rats
36 creatures vanquished.

Notes
Turn   | Place    | Note
--------------------------------------------------------------
     0 | D:1      | grisgris the Vampire Enchanter began the quest for the Orb.
     0 | D:1      | Reached XP level 1. HP: 13/13 MP: 3/3
   288 | D:1      | Reached XP level 2. HP: 18/19 MP: 0/5
   292 | D:1      | Learned a level 2 spell: Ensorcelled Hibernation
  1511 | D:2      | Reached XP level 3. HP: 24/24 MP: 6/6
  1517 | D:2      | Learned a level 3 spell: Confuse
  1524 | D:2      | Reached skill level 5 in Stealth
  1953 | D:2      | Found a faded altar to an unknown god.
  1997 | D:2      | Found a glowing silver altar of Zin.
  2219 | D:1      | Slain by an adder

Skill      XL: |  1  2  3 |
---------------+----------+-----
Stealth        | 5 |  5.3
Short Blades   | 2 |  2.1
Dodging        | |  2.9
Spellcasting   | |  2.1
Hexes          | |  4.6
Ice Magic      | |  0.4

Action                   || total
-------------------------++-------
Melee: Dagger            ||    86
       Bite              ||     3
 Cast: Corona            ||    11
       Ensorcelled Hiber ||    23
  Use: Potion            ||     2
 Stab: Sleeping          ||    25
Armor: Robe              ||    50
Dodge: Dodged            ||    96
